[Event "Delancey UK Schools 2019 U14"]
[Site "Daventry"]
[Date "2019.09.24"]
[Round "4.13"]
[White "Jayanthi, Harshita"]
[Black "Britnell, Jonathan"]
[Result "0-1"]
[ECO "A80"]
[WhiteElo "1217"]
[BlackElo "1650"]
[Annotator "NA"]
[PlyCount "36"]
[EventDate "2019.09.24"]
[EventCountry "GBR"]
[SourceTitle "playchess.com"]
[Source "ChessBase"]
[SourceQuality "1"]
[TimeControl "40/5400+30:1800+30"]

1. d4 f5 2. Nf3 Nf6 3. Bf4 e6 4. e3 d5 5. Bd3 c6 6. a3 Bd6 7. Ne5 O-O 8. Qf3 Nbd7 9. Rg1 Qc7 10. Nxd7 Bxd7 11. Bxd6 Qxd6 12. h3 Ne4 13. Qe2 e5 14. f3 Ng3 15. Qd2 Rae8 16. Be2 exd4 17. Qxd4 c5 18. Qd2 d4 0-1

[Event "Delancey UK Schools 2019 U14"]
[Site "Daventry"]
[Date "2019.09.24"]
[Round "5.1"]
[White "Clarke, Connor"]
[Black "Balaji, Aaravamudhan"]
[Result "1/2-1/2"]
[ECO "A45"]
[WhiteElo "1711"]
[BlackElo "2086"]
[Annotator "NA"]
[PlyCount "64"]
[EventDate "2019.09.24"]
[EventCountry "GBR"]
[SourceTitle "playchess.com"]
[Source "ChessBase"]
[SourceQuality "1"]
[TimeControl "40/5400+30:1800+30"]

1. d4 Nf6 2. Nc3 g6 3. Bf4 Bg7 4. e4 d5 5. e5 Ne4 6. Nxe4 dxe4 7. f3 c5 8. dxc5 Qa5+ 9. c3 Qxc5 10. Qd4 Qxd4 11. cxd4 Nc6 12. Bb5 Bd7 13. O-O-O Rc8 14. Kb1 exf3 15. Nxf3 O-O 16. Be2 Nb4 17. Ne1 Bf5+ 18. Ka1 Rfd8 19. a3 Nd5 20. Bd2 f6 21. Nf3 Nb6 22. Ba5 Rc2 23. Bxb6 axb6 24. Bd3 Bxd3 25. Rxd3 fxe5 26. Re1 Rxg2 27. Nxe5 Rxh2 28. Rb3 Rh4 29. Nf3 Rf4 30. Rxe7 h5 31. Ne5 Rd6 32. Rc3 Rfxd4 1/2-1/2

[Event "Delancey UK Schools 2019 U14"]
[Site "Daventry"]
[Date "2019.09.24"]
[Round "5.3"]
[White "Sheikh, Samia Zannat"]
[Black "Woltery, Nicolai"]
[Result "1/2-1/2"]
[ECO "A57"]
[WhiteElo "1512"]
[BlackElo "1864"]
[Annotator "NA"]
[PlyCount "93"]
[EventDate "2019.09.24"]
[EventCountry "GBR"]
[SourceTitle "playchess.com"]
[Source "ChessBase"]
[SourceQuality "1"]
[TimeControl "40/5400+30:1800+30"]

1. d4 Nf6 2. c4 c5 3. d5 b5 4. e3 g6 5. cxb5 a6 6. Nc3 d6 7. Nf3 Bg7 8. Be2 Nbd7 9. O-O axb5 10. Bxb5 Ba6 11. Qe2 Bxb5 12. Qxb5 O-O 13. e4 Ra5 14. Qb3 Qa8 15. Bd2 Rb8 16. Qc2 Ng4 17. h3 Nge5 18. Nxe5 Nxe5 19. b3 Qa6 20. a4 Qa8 21. Nb5 Rbxb5 22. Bxa5 Rxa5 23. Rab1 Qb7 24. Rfc1 Qb4 25. Qc3 Qxc3 26. Rxc3 Nd7 27. Rcc1 Nb6 28. Kf1 h5 29. Ke2 Bd4 30. Rc2 c4 31. bxc4 Rxa4 32. Kd3 Bc5 33. Rb3 Ra1 34. f3 Rd1+ 35. Ke2 Rd4 36. Rbc3 Kg7 37. Rc1 Kf6 38. g3 Ke5 39. R3c2 f5 40. exf5 Kxf5 41. Rc3 e5 42. dxe6 Kxe6 43. f4 Kf5 44. Kf3 Rd2 45. R1c2 Rd1 46. g4+ Kf6 47. Rg2 1/2-1/2

[Event "Delancey UK Schools 2019 U14"]
[Site "Daventry"]
[Date "2019.09.24"]
[Round "5.4"]
[White "Kan, Toby"]
[Black "Yoon, Jacob D"]
[Result "0-1"]
[ECO "C00"]
[WhiteElo "1714"]
[BlackElo "2086"]
[Annotator "NA"]
[PlyCount "128"]
[EventDate "2019.09.24"]
[EventCountry "GBR"]
[SourceTitle "playchess.com"]
[Source "ChessBase"]
[SourceQuality "1"]
[TimeControl "40/5400+30:1800+30"]

1. e4 e6 2. d3 d5 3. Nd2 Nf6 4. g3 b6 5. Bg2 Bb7 6. Qe2 Be7 7. Ngf3 c5 8. O-O Nc6 9. Re1 Qc7 10. a3 O-O-O 11. c3 Rhg8 12. b4 dxe4 13. Nxe4 Nxe4 14. dxe4 h6 15. Be3 Nb8 16. Bf4 Bd6 17. Bxd6 Rxd6 18. Nd2 Ba6 19. b5 Bxb5 20. Qxb5 Rxd2 21. e5 Rgd8 22. a4 a6 23. Qb3 Nc6 24. Rab1 Kb7 25. Be4 Ka7 26. f4 Na5 27. Qa3 f5 28. exf6 gxf6 29. Qc1 e5 30. fxe5 fxe5 31. Rb2 Nc4 32. Rxd2 Nxd2 33. Bg2 c4 34. Re2 Qc5+ 35. Kh1 Nb3 36. Qe1 Re8 37. Qd1 Re7 38. Re4 Qc7 39. h3 Na5 40. Kh2 Nb7 41. Qh5 Qc5 42. Qxh6 Nd6 43. Re2 e4 44. Qf6 Qe5 45. Qxe5 Rxe5 46. g4 b5 47. axb5 axb5 48. Kg3 Ka6 49. Kf4 Re7 50. Bxe4 Nxe4 51. Rxe4 Rf7+ 52. Ke3 Rh7 53. Kd4 Rxh3 54. Re6+ Ka5 55. Re3 Ka4 56. g5 Rh5 57. g6 Rg5 58. Re6 Kb3 59. Rb6 Rg4+ 60. Ke5 Kxc3 61. Kf6 b4 62. g7 b3 63. Kf7 b2 64. g8=Q Kc2 0-1

[Event "Delancey UK Schools 2019 U14"]
[Site "Daventry"]
[Date "2019.09.24"]
[Round "5.5"]
[White "Cox, Toby"]
[Black "Saunders, Aron"]
[Result "1-0"]
[ECO "B10"]
[WhiteElo "1616"]
[BlackElo "1428"]
[Annotator "NA"]
[PlyCount "69"]
[EventDate "2019.09.24"]
[EventCountry "GBR"]
[SourceTitle "playchess.com"]
[Source "ChessBase"]
[SourceQuality "1"]
[TimeControl "40/5400+30:1800+30"]

1. e4 c6 2. Bc4 d5 3. Bb3 e5 4. Nc3 dxe4 5. Qh5 Qc7 6. Nxe4 g6 7. Qe2 f5 8. Ng3 Ne7 9. Nf3 Bg7 10. d3 Qd6 11. O-O Be6 12. Bxe6 Qxe6 13. Re1 Nd7 14. c3 O-O 15. d4 e4 16. Ng5 Qd6 17. f3 Nd5 18. fxe4 fxe4 19. N5xe4 Qc7 20. Be3 Rae8 21. Qd2 Nxe3 22. Qxe3 Rf4 23. Qd3 c5 24. dxc5 Nxc5 25. Nf6+ Rxf6 26. Rxe8+ Kf7 27. Qe3 Ne6 28. Rxe6 Rxe6 29. Rf1+ Ke7 30. Qg5+ Ke8 31. Qg4 Qb6+ 32. Kh1 Ke7 33. Qh4+ Bf6 34. Rxf6 Rxf6 35. Ne4 1-0

[Event "Delancey UK Schools 2019 U14"]
[Site "Daventry"]
[Date "2019.09.24"]
[Round "5.6"]
[White "Volovich, Julia"]
[Black "Ismail, Mohammed Aayan"]
[Result "0-1"]
[ECO "E37"]
[WhiteElo "1743"]
[BlackElo "1583"]
[Annotator "NA"]
[PlyCount "111"]
[EventDate "2019.09.24"]
[EventCountry "GBR"]
[SourceTitle "playchess.com"]
[Source "ChessBase"]
[SourceQuality "1"]
[TimeControl "40/5400+30:1800+30"]

1. d4 e6 2. c4 Nf6 3. Nc3 Bb4 4. Qc2 d5 5. a3 Bxc3+ 6. Qxc3 Ne4 7. Qc2 Nc6 8. Nf3 a5 9. e3 O-O 10. Bd3 f5 11. Bd2 Kh8 12. h3 Qf6 13. Bc3 a4 14. c5 Bd7 15. Bb5 Nb8 16. Bd3 Nc6 17. O-O-O Na5 18. Bxa5 Rxa5 19. Ne5 Be8 20. h4 Nxc5 21. Qc3 Nb3+ 22. Kb1 c5 23. Bc2 cxd4 24. exd4 Rb5 25. Bd3 Ra5 26. Bc2 Rb5 27. Rh3 Qe7 28. Bd3 Rb6 29. Re1 Bb5 30. Bxb5 Rxb5 31. Rhe3 Qxh4 32. Ng6+ hxg6 33. Rh3 Qxh3 34. Qxh3+ Kg8 35. Qc3 Re8 36. Rxe6 Rxe6 37. Qc8+ Kf7 38. Qd7+ Re7 39. Qxb5 Nxd4 40. Qxd5+ Ne6 41. Qc4 Rc7 42. Qxa4 Nc5 43. Qc4+ Ne6 44. Qe2 Nd4 45. Qe5 Rd7 46. g4 Nf3 47. Qf4 Nd4 48. gxf5 gxf5 49. b4 g6 50. Kb2 b5 51. Qe5 g5 52. Kc3 g4 53. Qc5 Ke6 54. Qb6+ Rd6 55. Qa6 Rxa6 56. Kxd4 0-1

[Event "Delancey UK Schools 2019 U14"]
[Site "Daventry"]
[Date "2019.09.24"]
[Round "5.7"]
[White "Sheikh, Anum"]
[Black "Headlong, Georgia"]
[Result "1-0"]
[ECO "C42"]
[WhiteElo "1755"]
[BlackElo "1464"]
[Annotator "NA"]
[PlyCount "57"]
[EventDate "2019.09.24"]
[EventCountry "GBR"]
[SourceTitle "playchess.com"]
[Source "ChessBase"]
[SourceQuality "1"]
[TimeControl "40/5400+30:1800+30"]

1. e4 e5 2. Nf3 Nf6 3. Nxe5 d6 4. Nf3 Nxe4 5. Nc3 Nxc3 6. dxc3 Be7 7. Bd3 O-O 8. Be3 Nc6 9. Qd2 Be6 10. h4 Ne5 11. Ng5 Bxg5 12. hxg5 Ng6 13. O-O-O a5 14. Kb1 f6 15. Rxh7 Kxh7 16. Rh1+ Kg8 17. Bxg6 Bf7 18. Bh7+ Kh8 19. gxf6 Qxf6 20. Bd4 Qe7 21. Qh6 Bxa2+ 22. Kxa2 Rf6 23. Bxf6 Qxf6 24. Qxf6 gxf6 25. Be4+ Kg7 26. Rh7+ Kg8 27. Rxc7 Re8 28. Bd5+ Kh8 29. Rxb7 1-0

[Event "Delancey UK Schools 2019 U14"]
[Site "Daventry"]
[Date "2019.09.24"]
[Round "5.8"]
[White "Bansal, Saahil"]
[Black "Wang, Susie"]
[Result "1-0"]
[ECO "D33"]
[WhiteElo "1655"]
[BlackElo "1515"]
[Annotator "NA"]
[PlyCount "73"]
[EventDate "2019.09.24"]
[EventCountry "GBR"]
[SourceTitle "playchess.com"]
[Source "ChessBase"]
[SourceQuality "1"]
[TimeControl "40/5400+30:1800+30"]

1. d4 Nf6 2. c4 c5 3. Nf3 e6 4. Nc3 d5 5. cxd5 exd5 6. g3 Be6 7. Bg2 Nc6 8. O-O cxd4 9. Nxd4 Nxd4 10. Qxd4 Qa5 11. Bd2 Qc5 12. Be3 b6 13. Qa4+ Bd7 14. Bxc5 Bxa4 15. Bxf8 Rxf8 16. Nxa4 Rd8 17. Nc3 d4 18. Nb5 a6 19. Nc7+ Ke7 20. Nxa6 Nd5 21. Bxd5 Rxd5 22. Nb4 Rb5 23. Nc6+ Kf6 24. Nxd4 Rxb2 25. Rfb1 Rd2 26. Rxb6+ Ke7 27. Nf5+ Kd7 28. Nxg7 Rxe2 29. Nh5 Kc7 30. Rf6 Rd8 31. Rxf7+ Kb6 32. Nf4 Rc2 33. Rb1+ Kc6 34. Rf6+ Kd7 35. Rd1+ Ke7 36. Re6+ Kf7 37. Rxd8 1-0

[Event "Delancey UK Schools 2019 U14"]
[Site "Daventry"]
[Date "2019.09.24"]
[Round "5.9"]
[White "Saidmurodov, Shahjahon"]
[Black "Weersing, Abigail Riis"]
[Result "0-1"]
[ECO "C10"]
[WhiteElo "1782"]
[BlackElo "1734"]
[Annotator "NA"]
[PlyCount "148"]
[EventDate "2019.09.24"]
[EventCountry "GBR"]
[SourceTitle "playchess.com"]
[Source "ChessBase"]
[SourceQuality "1"]
[TimeControl "40/5400+30:1800+30"]

1. e4 e6 2. Nc3 d5 3. Nf3 dxe4 4. Nxe4 Nd7 5. d4 Ngf6 6. Nxf6+ Nxf6 7. Bd3 Bd6 8. O-O O-O 9. Ne5 c5 10. dxc5 Bxe5 11. Bg5 Qc7 12. Qf3 Qxc5 13. Rae1 Bxh2+ 14. Kxh2 Qxg5 15. Kg1 Qh4 16. Be2 e5 17. Qc3 e4 18. f3 Qg3 19. Bc4 Bh3 20. Re2 Bf5 21. Re3 Qg6 22. fxe4 Nxe4 23. Qe5 Nd6 24. Bb5 a6 25. Rg3 Qh6 26. Ba4 Rad8 27. c3 Bg6 28. Rh3 Qd2 29. Rd1 Nc4 30. Qg3 Qe3+ 31. Qxe3 Rxd1+ 32. Bxd1 Nxe3 33. Rxe3 Rd8 34. Kf2 h6 35. Bb3 Rd2+ 36. Kg3 Rxb2 37. Re8+ Kh7 38. Re7 Rd2 39. c4 Rd3+ 40. Kf2 b5 41. c5 Rc3 42. Rc7 a5 43. Bd5 Rd3 44. Bxf7 Bxf7 45. Rxf7 Rd2+ 46. Kf3 Rxa2 47. Rb7 b4 48. c6 Rc2 49. c7 b3 50. Kf4 b2 51. Rxb2 Rxc7 52. Rb8 Ra7 53. Rb3 a4 54. Ra3 Kg6 55. g4 Kf6 56. Ke4 Kg5 57. Kf3 h5 58. gxh5 Kxh5 59. Kg3 g6 60. Kf4 g5+ 61. Kg3 g4 62. Kg2 Kg5 63. Kg3 Kf5 64. Kf2 Kf4 65. Kg2 Ke4 66. Kf2 Rf7+ 67. Ke2 Ra7 68. Kf2 Kd5 69. Ke2 Kc5 70. Kd2 Kb4 71. Rg3 Rd7+ 72. Kc2 Rd4 73. Kb2 a3+ 74. Ka2 Rc4 0-1

[Event "Delancey UK Schools 2019 U14"]
[Site "Daventry"]
[Date "2019.09.24"]
[Round "5.10"]
[White "Akeya-Price, Robert"]
[Black "Dicen, Imogen"]
[Result "1-0"]
[ECO "A80"]
[WhiteElo "1892"]
[BlackElo "1509"]
[Annotator "NA"]
[PlyCount "143"]
[EventDate "2019.09.24"]
[EventCountry "GBR"]
[SourceTitle "playchess.com"]
[Source "ChessBase"]
[SourceQuality "1"]
[TimeControl "40/5400+30:1800+30"]

1. d4 f5 2. Bg5 g6 3. h4 Bg7 4. Nc3 b6 5. e4 fxe4 6. Nxe4 Bb7 7. Bd3 Nc6 8. c3 d5 9. Ng3 Qd6 10. h5 O-O-O 11. hxg6 hxg6 12. Rxh8 Bxh8 13. Qg4+ Kb8 14. Bf4 e5 15. dxe5 Bxe5 16. Bg5 Re8 17. O-O-O Bc8 18. Qh4 Nce7 19. f4 Bf6 20. Nf3 Bxg5 21. Qxg5 Nf6 22. Ne5 Rg8 23. Re1 Nf5 24. Nf7 Qc6 25. Ne5 Qd6 26. Nf7 Qc6 27. Nxf5 gxf5 28. Ne5 Qd6 29. Nf7 Qc6 30. Ne5 Qd6 31. Qh4 Rxg2 32. Qh3 Rg8 33. Bxf5 Bxf5 34. Qxf5 Kb7 35. Nd3 Ne4 36. Qe5 Qd7 37. Nb4 c6 38. Rd1 Re8 39. Qd4 a5 40. Nd3 Qc7 41. Ne5 Nc5 42. b4 axb4 43. cxb4 Ne6 44. Qd2 Rf8 45. b5 Rxf4 46. bxc6+ Ka7 47. Qc3 d4 48. Qa3+ Kb8 49. Nd7+ Qxd7 50. cxd7 Kc7 51. d8=R Nxd8 52. Qe7+ Kc8 53. Qe5 Rf7 54. Rxd4 Rc7+ 55. Kb2 Nc6 56. Qe8+ Kb7 57. Rd7 Na5 58. Rxc7+ Kxc7 59. Qe7+ Kc6 60. Kc3 Kb5 61. a4+ Ka6 62. Qc7 Nb7 63. Qc4+ Ka7 64. Qb5 Nd6 65. Qd7+ Nb7 66. Kb4 Ka6 67. Qc7 Na5 68. Qc8+ Ka7 69. Kb5 Nb7 70. Qc7 Ka8 71. Kxb6 Nd6 72. Qa7# 1-0

[Event "Delancey UK Schools 2019 U14"]
[Site "Daventry"]
[Date "2019.09.24"]
[Round "5.11"]
[White "Britnell, Jonathan"]
[Black "Korsinskij, Nikolas"]
[Result "1-0"]
[ECO "B98"]
[WhiteElo "1650"]
[BlackElo "1502"]
[Annotator "NA"]
[PlyCount "65"]
[EventDate "2019.09.24"]
[EventCountry "GBR"]
[SourceTitle "playchess.com"]
[Source "ChessBase"]
[SourceQuality "1"]
[TimeControl "40/5400+30:1800+30"]

1. e4 c5 2. Nf3 e6 3. d4 cxd4 4. Nxd4 Nf6 5. Nc3 d6 6. Bg5 Be7 7. f4 Qc7 8. Qf3 a6 9. O-O-O b5 10. Bxf6 Bxf6 11. Bxb5+ axb5 12. Ndxb5 Qd8 13. Nxd6+ Kf8 14. e5 Ra6 15. Nxf7 Kxf7 16. Rxd8 Bxd8 17. Rd1 Rf8 18. Ne4 Rxa2 19. Kb1 Ra4 20. Nd6+ Kg8 21. Nxc8 Raxf4 22. Qb3 Bc7 23. Qxe6+ Kh8 24. Nd6 Rf2 25. Re1 h6 26. Qd5 Na6 27. Qc4 Ra8 28. Nf7+ Kh7 29. Qe4+ Kg8 30. Qxa8+ Kxf7 31. Qxa6 Bd8 32. Qa7+ Kg6 33. Qxf2 1-0

[Event "Delancey UK Schools 2019 U14"]
[Site "Daventry"]
[Date "2019.09.24"]
[Round "5.13"]
[White "Jayanthi, Harshita"]
[Black "Anika Rachna Roy"]
[Result "0-1"]
[ECO "D02"]
[WhiteElo "1217"]
[BlackElo "1392"]
[Annotator "NA"]
[PlyCount "142"]
[EventDate "2019.09.24"]
[EventCountry "GBR"]
[SourceTitle "playchess.com"]
[Source "ChessBase"]
[SourceQuality "1"]
[TimeControl "40/5400+30:1800+30"]

1. d4 d5 2. Bf4 Nf6 3. Nf3 Bf5 4. e3 e6 5. Be2 c5 6. c3 Nc6 7. O-O Be7 8. Nbd2 O-O 9. Ne5 Nd7 10. Nxc6 bxc6 11. Nf3 f6 12. Nh4 Bg6 13. Nxg6 hxg6 14. Bd3 Kf7 15. Qg4 f5 16. Qf3 Nf6 17. Be5 Bd6 18. c4 cxd4 19. exd4 Ng4 20. Bg3 Rh8 21. h3 Bxg3 22. fxg3 Nf6 23. Rad1 Qb6 24. Rf2 Rae8 25. cxd5 cxd5 26. Qe2 Rc8 27. Bb1 Rc4 28. Qd2 Rd8 29. b3 Rb4 30. Qe3 Qd6 31. Re2 Rb6 32. Rf1 Qb4 33. Rfe1 Rbd6 34. Qf3 Qb6 35. Qd3 Ne4 36. Kh2 R6d7 37. Qf3 Qxd4 38. g4 Qf6 39. Re3 Nd2 40. Qf2 Nxb1 41. Rxb1 d4 42. Rd3 Qe5+ 43. Kg1 Qe4 44. Rbd1 e5 45. gxf5 gxf5 46. Rf3 g6 47. Rdd3 Qd5 48. Qh4 e4 49. Qh7+ Kf6 50. Qh4+ Kg7 51. Rg3 exd3 52. Qg5 Qe6 53. Rxd3 Qf6 54. Qf4 Re7 55. Kh2 Qe5 56. Qg3 Qxg3+ 57. Kxg3 Re3+ 58. Rxe3 dxe3 59. Kf3 Rd2 60. Kxe3 Rxa2 61. b4 Rxg2 62. Kf3 Rb2 63. h4 Rxb4 64. Kg3 Kf6 65. Kh3 Rg4 66. Kh2 Ke5 67. Kh3 Kf4 68. h5 gxh5 69. Kh2 Kf3 70. Kh1 Kf2 71. Kh2 Rh4# 0-1

[Event "Delancey UK Schools 2019 U14"]
[Site "Daventry"]
[Date "2019.09.24"]
[Round "6.1"]
[White "Balaji, Aaravamudhan"]
[Black "Yoon, Jacob D"]
[Result "1-0"]
[ECO "D31"]
[WhiteElo "2086"]
[BlackElo "2086"]
[Annotator "NA"]
[PlyCount "67"]
[EventDate "2019.09.24"]
[EventCountry "GBR"]
[SourceTitle "playchess.com"]
[Source "ChessBase"]
[SourceQuality "1"]
[TimeControl "40/5400+30:1800+30"]

1. d4 d5 2. c4 e6 3. Nc3 c6 4. Nf3 dxc4 5. a4 Bb4 6. Bd2 Bxc3 7. Bxc3 b5 8. e3 a5 9. axb5 cxb5 10. b3 Bb7 11. bxc4 b4 12. Bb2 Nf6 13. Bd3 O-O 14. O-O Nbd7 15. Re1 Ne4 16. Qc2 f5 17. c5 Bc6 18. Bc4 Qe8 19. Bb3 Qe7 20. Ba4 Bd5 21. Bb3 Bc6 22. Ba4 Bd5 23. Bb3 Bxb3 24. Qxb3 g5 25. Qc2 a4 26. Rxa4 Rxa4 27. Qxa4 g4 28. Ne5 Nxe5 29. dxe5 Qxc5 30. Rc1 Qd5 31. Qxb4 Qd3 32. Qc4 Qd2 33. Qc2 Rd8 34. Bd4 1-0

[Event "Delancey UK Schools 2019 U14"]
[Site "Daventry"]
[Date "2019.09.24"]
[Round "6.2"]
[White "Woltery, Nicolai"]
[Black "Ratnesan, Ranesh"]
[Result "0-1"]
[ECO "A26"]
[WhiteElo "1864"]
[BlackElo "2180"]
[Annotator "ChessBase"]
[PlyCount "66"]
[EventDate "2019.09.24"]
[EventCountry "GBR"]
[SourceTitle "playchess.com"]
[Source "ChessBase"]
[SourceQuality "1"]
[TimeControl "40/5400+30:1800+30"]

1. c4 e5 2. Nc3 Nc6 3. g3 g6 4. Bg2 Bg7 5. Nf3 Nf6 6. O-O O-O 7. d3 d6 8. Bd2 h6 9. a3 a5 10. Rb1 Be6 11. b4 axb4 12. axb4 Ne7 13. e4 Bg4 14. Qc1 Kh7 15. Ne1 c6 16. f3 Be6 17. f4 exf4 18. Bxf4 d5 19. c5 dxe4 20. Nxe4 Nxe4 21. dxe4 Ra2 22. Nf3 f5 23. Rd1 Qe8 24. e5 Nd5 25. Nd4 g5 26. Bd2 Bxe5 27. Nxe6 Qxe6 28. Qc4 Rfa8 29. Bxd5 cxd5 30. Qd3 R8a3 31. Qb5 Bd4+ 32. Kf1 Rf3+ 33. Kg2 Rf2+ 0-1

[Event "Delancey UK Schools 2019 U14"]
[Site "Daventry"]
[Date "2019.09.24"]
[Round "6.3"]
[White "Ismail, Mohammed Aayan"]
[Black "Clarke, Connor"]
[Result "0-1"]
[ECO "A20"]
[WhiteElo "1583"]
[BlackElo "1711"]
[Annotator "NA"]
[PlyCount "110"]
[EventDate "2019.09.24"]
[EventCountry "GBR"]
[SourceTitle "playchess.com"]
[Source "ChessBase"]
[SourceQuality "1"]
[TimeControl "40/5400+30:1800+30"]

1. c4 Nf6 2. g3 e5 3. Bg2 Nc6 4. d3 Bb4+ 5. Bd2 Bxd2+ 6. Nxd2 O-O 7. Ngf3 d6 8. O-O h6 9. a3 a5 10. Qc2 Be6 11. Qc3 Qe7 12. d4 e4 13. Ne1 d5 14. e3 Qd7 15. Nc2 Bh3 16. b4 Bxg2 17. Kxg2 axb4 18. axb4 h5 19. b5 Ne7 20. Qb3 dxc4 21. Nxc4 h4 22. Ne5 h3+ 23. Kh1 Qf5 24. Qc4 Ng6 25. f4 exf3 26. Nxf3 Ng4 27. Nd2 Rxa1 28. Nxa1 Qg5 29. Nc2 Nxe3 30. Nxe3 Qxe3 31. Nf3 Ra8 32. Qc1 Qe4 33. Qb1 Qd5 34. Rf2 Ra3 35. Qf1 Rb3 36. Kg1 Qxb5 37. Qxb5 Rxb5 38. Rc2 c6 39. Kf2 Ne7 40. Ng1 Rd5 41. Rb2 b5 42. Ne2 Nf5 43. Rb4 Nd6 44. g4 c5 45. dxc5 Rxc5 46. Kg3 Re5 47. Nf4 Re4 48. Rb3 g5 49. Nxh3 f6 50. Nf2 Ra4 51. Rd3 Nc4 52. Ne4 Ra3 53. Nc5 b4 54. Rb3 Na5 55. Rxa3 bxa3 0-1

[Event "Delancey UK Schools 2019 U14"]
[Site "Daventry"]
[Date "2019.09.24"]
[Round "6.4"]
[White "Hosdurga, Chirag"]
[Black "Cox, Toby"]
[Result "0-1"]
[ECO "A97"]
[WhiteElo "1786"]
[BlackElo "1616"]
[Annotator "NA"]
[PlyCount "138"]
[EventDate "2019.09.24"]
[EventCountry "GBR"]
[SourceTitle "playchess.com"]
[Source "ChessBase"]
[SourceQuality "1"]
[TimeControl "40/5400+30:1800+30"]

1. d4 e6 2. Nf3 f5 3. g3 Nf6 4. Bg2 d6 5. O-O Be7 6. c4 O-O 7. b4 Qe8 8. Nc3 Nbd7 9. Bb2 Ne4 10. Nd2 Nxc3 11. Bxc3 Nf6 12. e4 fxe4 13. Nxe4 c6 14. Re1 d5 15. Nxf6+ Rxf6 16. c5 Qf7 17. Qe2 Bd7 18. a4 Rf8 19. Rf1 g5 20. Bd2 Rg6 21. Rae1 Qg7 22. Bc3 Bf6 23. Qd3 h5 24. b5 Re8 25. Bh3 g4 26. Bg2 Rh6 27. f3 gxf3 28. Rxf3 e5 29. dxe5 Bxe5 30. Rfe3 d4 31. Rxe5 Rxe5 32. Rxe5 Qxe5 33. Bxd4 Qe1+ 34. Qf1 Qxf1+ 35. Bxf1 Kf7 36. b6 axb6 37. cxb6 Rd6 38. Be5 Rd1 39. Kf2 Rc1 40. Bd3 Rc5 41. Bd4 Ra5 42. Bc2 Ra6 43. Bc5 Be6 44. Ke3 Bg4 45. Kf4 Ra5 46. Bd4 Ke6 47. Bb3+ Kd6 48. Ke4 Ra6 49. Be5+ Kc5 50. Bc7 Kb4 51. Bc2 Ra5 52. Kf4 c5 53. Be4 Bc8 54. Bc2 c4 55. Ke3 Kc3 56. Bd1 Kb2 57. Bd8 Rd5 58. Bf6+ c3 59. Bf3 Ra5 60. Kd3 Rc5 61. Bd4 Bf5+ 62. Ke2 Rc8 63. Bxb7 Rb8 64. Bf3 Kb3 65. a5 c2 66. Be3 Re8 67. Bd5+ Kb2 68. b7 Rxe3+ 69. Kf2 Re8 0-1

[Event "Delancey UK Schools 2019 U14"]
[Site "Daventry"]
[Date "2019.09.24"]
[Round "6.5"]
[White "Sheikh, Samia Zannat"]
[Black "Bansal, Saahil"]
[Result "1-0"]
[ECO "E13"]
[WhiteElo "1512"]
[BlackElo "1655"]
[Annotator "NA"]
[PlyCount "145"]
[EventDate "2019.09.24"]
[EventCountry "GBR"]
[SourceTitle "playchess.com"]
[Source "ChessBase"]
[SourceQuality "1"]
[TimeControl "40/5400+30:1800+30"]

1. d4 Nf6 2. c4 e6 3. Nf3 b6 4. Nc3 Bb4 5. Bg5 h6 6. Bh4 Bb7 7. e3 O-O 8. Be2 d6 9. O-O Bxc3 10. bxc3 Nbd7 11. Qb3 Re8 12. Rfd1 Qe7 13. h3 Nf8 14. Bg3 Ng6 15. Nh4 Nf8 16. d5 e5 17. Nf5 Qd7 18. Bg4 Nxg4 19. hxg4 Ng6 20. Qc2 Ba6 21. Qb3 Ne7 22. e4 Nxf5 23. gxf5 Qe7 24. f3 Qg5 25. Kf2 Rab8 26. a4 h5 27. Qa2 h4 28. Bh2 Kh7 29. Rg1 Rh8 30. g3 h3 31. f4 Qg4 32. fxe5 Qxe4 33. g4 dxe5 34. Rae1 Qd3 35. Re3 Qxc4 36. Qc2 Qxd5 37. Rxe5 Qd3 38. Qxd3 Bxd3 39. Re7 Bc4 40. Rxc7 Rbc8 41. Rxa7 Bd5 42. Rc1 Ra8 43. Rd7 Bc4 44. Rd4 Rxa4 45. Kg3 b5 46. Kxh3 Ra2 47. Bf4 g6 48. Kg3 gxf5 49. Rh1+ Kg7 50. Be5+ f6 51. Bxf6+ Kxf6 52. Rxh8 Rc2 53. gxf5 Rxc3+ 54. Kf4 Rc1 55. Rh6+ Kg7 56. Rg6+ Kf7 57. Rd7+ Ke8 58. Ra7 Rf1+ 59. Ke5 Re1+ 60. Kf6 Rd1 61. Ra8+ Kd7 62. Rg7+ Kc6 63. Rc8+ Kb6 64. Ke7 Re1+ 65. Kf8 Rf1 66. Rg6+ Ka5 67. f6 b4 68. Rxc4 b3 69. Rc8 Ka6 70. Rb8 Rf3 71. f7+ Ka7 72. Rb4 Ka8 73. Ra6# 1-0

[Event "Delancey UK Schools 2019 U14"]
[Site "Daventry"]
[Date "2019.09.24"]
[Round "6.6"]
[White "Sheikh, Anum"]
[Black "Volovich, Julia"]
[Result "1/2-1/2"]
[ECO "C00"]
[WhiteElo "1755"]
[BlackElo "1743"]
[Annotator "NA"]
[PlyCount "181"]
[EventDate "2019.09.24"]
[EventCountry "GBR"]
[SourceTitle "playchess.com"]
[Source "ChessBase"]
[SourceQuality "1"]
[TimeControl "40/5400+30:1800+30"]

1. e4 e6 2. Nf3 d5 3. e5 c5 4. b4 cxb4 5. d4 Nc6 6. a3 bxa3 7. c3 Qb6 8. Bd3 Bd7 9. Ng5 g6 10. Qf3 Nh6 11. Nxa3 Nxd4 12. cxd4 Qxd4 13. Ra2 Qxe5+ 14. Qe3 Bb4+ 15. Bd2 Qxe3+ 16. fxe3 Bxd2+ 17. Kxd2 a6 18. Rb1 Bc6 19. Nf3 Ke7 20. Rb6 Rhc8 21. Ne5 Kd6 22. Nxc6 bxc6 23. Bxa6 Rcb8 24. Bb7 Kc7 25. Bxa8 Rxb6 26. Nc2 Kb8 27. Nd4 c5 28. Nc2 Nf5 29. e4 dxe4 30. Bxe4 Rd6+ 31. Kc3 Nd4 32. Ra8+ Kc7 33. Ra7+ Kb6 34. Rxf7 Nb5+ 35. Kc4 Nd4 36. Rb7+ Ka6 37. Rxh7 Nxc2 38. Bxc2 Rd2 39. Bxg6 Rxg2 40. Bf7 Kb6 41. Bxe6 Rc2+ 42. Kb3 Re2 43. Rh6 Kc7 44. Kc4 Rc2+ 45. Kb5 Kd8 46. Bc4 Ke7 47. Kxc5 Kf8 48. h4 Kg7 49. Rd6 Rh2 50. Rd4 Kg6 51. Be6 Re2 52. Bg4 Rh2 53. h5+ Kg5 54. Bd1 Kh6 55. Rd5 Rg2 56. Rd6+ Kh7 57. Bf3 Rg5+ 58. Kd4 Rg3 59. Be4+ Kh8 60. h6 Rg8 61. Rd7 Re8 62. Kd5 Kg8 63. Bg6 Ra8 64. Rd6 Ra5+ 65. Ke6 Ra8 66. Kf6 Rf8+ 67. Ke7 Ra8 68. Be4 Ra7+ 69. Kf6 Rf7+ 70. Kg6 Rf8 71. Bd5+ Kh8 72. Bf7 Rb8 73. Kh5 Rb5+ 74. Bd5 Rb8 75. Be4 Rb5+ 76. Kg6 Rb8 77. Bf5 Rg8+ 78. Kh5 Rb8 79. Bd3 Ra8 80. Kg6 Rg8+ 81. Kf7 Rf8+ 82. Ke7 Ra8 83. Rd7 Rb8 84. Rc7 Ra8 85. Ke6 Re8+ 86. Kd7 Rb8 87. Kc6 Rd8 88. Bc2 Rb8 89. Rh7+ Kg8 90. Rg7+ Kh8 91. Bd3 1/2-1/2

[Event "Delancey UK Schools 2019 U14"]
[Site "Daventry"]
[Date "2019.09.24"]
[Round "6.7"]
[White "Weersing, Abigail Riis"]
[Black "Akeya-Price, Robert"]
[Result "1/2-1/2"]
[ECO "E11"]
[WhiteElo "1734"]
[BlackElo "1892"]
[Annotator "NA"]
[PlyCount "99"]
[EventDate "2019.09.24"]
[EventCountry "GBR"]
[SourceTitle "playchess.com"]
[Source "ChessBase"]
[SourceQuality "1"]
[TimeControl "40/5400+30:1800+30"]

1. d4 Nf6 2. c4 e6 3. Nf3 Bb4+ 4. Bd2 Bxd2+ 5. Nbxd2 d5 6. e3 c6 7. Bd3 Nbd7 8. O-O O-O 9. Qc2 dxc4 10. Nxc4 c5 11. Rfd1 Qe7 12. e4 h6 13. d5 exd5 14. exd5 b5 15. Ne3 c4 16. Bf5 Ne5 17. Nd4 Bxf5 18. Ndxf5 Qd7 19. d6 Kh8 20. Qc3 Neg4 21. Nxg4 Qxf5 22. Nxf6 gxf6 23. Qe3 Qg5 24. Qf3 Qe5 25. Rab1 Rfe8 26. d7 Rg8 27. Rd5 Qe6 28. Rbd1 Rad8 29. Rd6 Qe5 30. Qxf6+ Qxf6 31. Rxf6 Kg7 32. Rf5 Rb8 33. Rfd5 Rgd8 34. R1d4 Rb6 35. Kf1 Kf6 36. f4 a6 37. Rd6+ Rxd6 38. Rxd6+ Ke7 39. Rxh6 Rxd7 40. Rxa6 Rd2 41. b4 c3 42. Ke1 Rxg2 43. Rc6 c2 44. h4 Kd7 45. Rc5 Ke6 46. h5 Kf6 47. a3 Rh2 48. h6 Kg6 49. Rc6+ Kh7 50. f5 1/2-1/2